 Dungeon Crawl Stone Soup version 0.25.1-1-g288607f5aa (webtiles) character file.

Game seed: 11351655983518498781

77 H0rd4k the Insei (level 4, -4/28 HPs)
             Began as an Octopode Transmuter on July 23, 2020.
             Killed by nerve-wracking pain
             ... invoked by an orc priest
              (13 damage)
             ... on level 3 of the Dungeon.
             The game lasted 00:02:51 (2500 turns).

H0rd4k the Insei (Octopode Transmuter)              Turns: 2500, Time: 00:02:51

Health: -4/28      AC:  1    Str:  9    XL:     4   Next: 33%
Magic:  7/7        EV: 14    Int: 16    God:
Gold:   123        SH:  0    Dex: 12    Spells: 1/7 levels left

rFire    . . .     SeeInvis .     - Unarmed
rCold    . . .     Gourm    .   (no shield)
rNeg     . . .     Faith    .   (helmet restricted)
rPois    .         Spirit   .   (no amulet)
rElec    .         Reflect  .   (no ring)
rCorr    .         Harm     .   (no ring)
MR       .....                  (no ring)
Stlth    +++.......             (no ring)
HPRegen  0.09/turn              (no ring)
MPRegen  0.10/turn              (no ring)
                                (no ring)
                                (no ring)

@: appendage (expiring)
A: almost no armour, stealthy swim, amphibious, 8 rings, constrict 8, tentacle
spike 3, camouflage 1, gelatinous body 1
a: End Transformation


You were on level 3 of the Dungeon.
You were not hungry.
One of your tentacles had a temporary spike.
You visited 1 branch of the dungeon, and saw 3 of its levels.

You collected 123 gold pieces.

Inventory:

Missiles
 a - 61 arrows
 m - 7 poisoned darts (quivered)
 r - 7 atropa-tipped darts
Wands
 n - a wand of flame (15)
Scrolls
 e - a scroll of random uselessness {unknown}
 g - a scroll of noise {unknown}
 h - 2 scrolls of teleportation {unknown}
 i - a scroll of fog {unknown}
 l - 2 scrolls of identify {unknown}
 o - a scroll of amnesia {unknown}
Potions
 b - 3 potions of mutation {unknown}
 d - a potion of berserk rage {unknown}
 f - a potion of curing
 j - a potion of might {unknown}
 p - a potion of cancellation {unknown}
 q - a potion of haste {unknown}
Comestibles
 c - 5 rations
 k - a chunk of flesh


   Skills:
 + Level 1.0 Fighting
 + Level 2.6 Dodging
 + Level 1.2 Stealth
 + Level 4.1 Unarmed Combat
 * Level 2.3 Spellcasting
 * Level 2.3 Transmutations


You had one spell level left.
You knew the following spells:

 Your Spells              Type           Power        Failure   Level  Hunger
a - Beastly Appendage     Tmut           #.....       8%          1    #......
b - Sticks to Snakes      Tmut           #.......     12%         2    ###....
c - Spider Form           Tmut/Pois      #.........   36%         3    ###....

Your spell library contained the following spells:

 Spells                   Type           Power        Failure   Level  Hunger
 Ice Form                 Ice/Tmut       #.......     77%         4    #####..
 Blade Hands              Tmut           #.........   91%         5    ######.


Dungeon Overview and Level Annotations

Branches:
Dungeon (3/15)

Altars:

Annotations:
D:3 Terence


Innate Abilities, Weirdness & Mutations

You cannot wear most types of armour.
You are very stealthy in the water. (Stealth+)
You are amphibious.
You can wear up to eight rings at the same time.
You can use your tentacles to constrict eight enemies at once.
Your skin changes colour to match your surroundings (Stealth+).
Your rubbery body absorbs attacks. (AC +1, EV +1)
One of your tentacles bears a large vicious spike.


Message History

Aiming: Throw Flame
Press: ? - help, Shift-Dir - straight line, f - orc priest
Aim: an orc priest, wielding a +0 dagger The puff of flame hits the orc priest.
The orc priest is moderately wounded.
Evoke which item? (* to show all) (? for menu, Esc to quit)
Aiming: Throw Flame
Press: ? - help, Shift-Dir - straight line, f/p - orc priest
Aim: an orc priest, wielding a +0 dagger (moderately wounded)
The puff of flame hits the orc priest.
The orc priest is heavily wounded.
The orc priest looks satisfied for a moment.
Evoke which item? (* to show all) (? for menu, Esc to quit)
Aiming: Throw Flame
Press: ? - help, Shift-Dir - straight line, f/p - orc priest
Aim: an orc priest, wielding a +0 dagger (heavily wounded)
The puff of flame misses the orc priest.
The orc priest mumbles some strange prayers to Beogh against you.
Pain shoots through your body!
You die...

#.### #.###.).##
#.#.#####.##.###.#
#..............#.#
#.#.#####...รท....#
#.....# #.###....#
#.....###.# ##.#.##
#.........# #.....#
#.....###.# #......
#.@...# #.# #.....#
###.### #. #######
#o# # ... # o.... #
o#...## ######
#.#...# ###..... #
....# ........
#..#. ....####


You could see an orc priest.

Vanquished Creatures
  An adder (D:2)
  2 worms
  7 leopard geckos
  An orc (D:3)
  5 goblins
  4 hobgoblins
  7 jackals
  3 ball pythons
  7 bats
  3 frilled lizards (D:1)
  4 kobolds
  8 rats
52 creatures vanquished.

Notes
Turn   | Place    | Note
-------+----------+-------------------------------------------
     0 | D:1      | H0rd4k the Octopode Transmuter began the quest for the Orb.
     0 | D:1      | Reached XP level 1. HP: 13/13 MP: 3/3
   265 | D:1      | Reached XP level 2. HP: 16/18 MP: 5/5
   682 | D:1      | Reached XP level 3. HP: 21/23 MP: 6/6
  1286 | D:2      | Reached skill level 1 in Stealth
  1298 | D:2      | Learned a level 2 spell: Sticks to Snakes
  1302 | D:2      | Learned a level 3 spell: Spider Form
  1601 | D:2      | Reached XP level 4. HP: 26/28 MP: 7/7
  1787 | D:2      | Reached skill level 4 in Unarmed Combat
  2255 | D:3      | Noticed Terence
  2493 | D:3      | HP: 1/28 [orc/+0 flail (8)]
  2500 | D:3      | Killed from afar by an orc priest

Illustrated notes

Levels and vault maps discovered:
D:1:      shiori_shiawase, layout_basic, minmay_heptomino_l4
D:2:      layout_basic
D:3:      layout_loops_ring, grunt_temple_overflow_order_and_chaos_1,
          uniq_terence

Skill      XL: |  1  2  3  4 |
---------------+-------------+-----
Stealth        | 1 |  1.2
Unarmed Combat | 4 |  4.1
Fighting       | |  1.0
Dodging        | |  2.6
Spellcasting   | |  2.3
Transmutations | |  2.3

Action                   |  1- 3 |  4- 6 || total
-------------------------+-------+-------++-------
Melee: Unarmed           |    97 |    31 ||   128
       Constrict         |    21 |    11 ||    32
       Tentacles         |    15 |       ||    15
       Punch             |     2 |     1 ||     3
       Kick              |     3 |     6 ||     9
 Cast: Beastly Appendage |     3 |     5 ||     8
Evoke: Wand              |       |     3 ||     3
  Use: Potion            |     1 |     1 ||     2
 Stab: Sleeping          |     4 |     2 ||     6
  Eat: Chunk             |     2 |     3 ||     5
Armor: Skin              |     4 |       ||     4
Dodge: Dodged            |    54 |    17 ||    71
